Map: Acid Plant LE

Players

Rail

  • Race: Protoss Protoss
  • League: Master
  • Spawn Location: 11:00

Cure - Winner!

  • Race: Terran Terran
  • League: Master
  • Spawn Location: 5:00

Event: HomeStory Cup XVIII

VOD

Have the link to the VOD?

Description

Time

  • Played on: Nov. 22, 2018, 7:08 a.m.
  • Length: 17:10

All games in this series

Show
View Real Time Build Order
Export as new Build Order

Rail Protoss 

Build Orders: 1 Gate Expand, Colossus Rush 

Get SALT Encoding   

  12  0:00  Probe  
  13  0:13  Pylon  
  13  0:17  Probe  
  14  0:30  Probe  
  14  0:31  Gateway  
  15  0:38  Probe  
  16  0:43  Assimilator  
  16  0:47  Probe  
  17  0:59  Probe  
  18  1:12  Probe  
  18  1:18  Cybernetics Core  
  19  1:30  Nexus  
  19  1:35  Assimilator  
  19  1:37  Probe  
  20  1:44  Pylon  
  20  1:45  Adept  
  20  1:49  Probe  
  23  1:58  Warp Gate  
  23  2:02  Probe  
  23  2:03  Adept  
  24  2:14  Probe  
  27  2:23  Robotics Facility  
  27  2:29  Stalker  
  27  2:35  Probe  
  30  2:43  Probe  
  31  2:47  Probe  
  32  2:55  Probe  
  33  2:59  Probe  
  33  3:02  Warp Prism  
  34  3:07  Stalker  
  38  3:15  Gateway  
  38  3:21  Gateway  
  38  3:31  Probe  
  38  3:32  Pylon, Probe  
  40  3:42  Probe  
  40  3:44  Probe  
  40  3:45  Robotics Bay  
  42  3:49  Pylon, Observer  
  42  3:50  Probe  
  42  3:52  Probe  
  44  4:01  Probe  
  44  4:02  Probe  
  45  4:03  Stalker  
  45  4:08  Stalker  
  51  4:13  Probe  
  52  4:21  Probe  
  52  4:26  Stalker  
  52  4:27  Stalker  
  54  4:31  Probe  
  54  4:35  Probe  
  58  4:40  Pylon  
  58  4:44  Probe x2  
  59  4:47  Twilight Council  
  59  4:48  Assimilator  
  59  4:51  Assimilator  
  57  4:55  Probe  
  57  4:56  Probe  
  59  5:02  Pylon  
  59  5:05  Immortal  
  63  5:08  Probe  
  63  5:11  Probe  
  63  5:13  Blink  
  65  5:16  Forge  
  65  5:25  Probe  
  65  5:28  Observer, Probe  
  67  5:32  Pylon  
  67  5:33  Extended Thermal Lance  
  67  5:34  Colossus  
  67  5:45  Probe  
  74  5:51  Pylon  
  74  5:52  Protoss Ground Weapons Level 1  
  74  6:01  Sentry  
  76  6:04  Gateway  
  76  6:05  Gateway  
  76  6:11  Gateway  
  76  6:18  Stalker x2  
  74  6:35  Probe x2  
  74  6:39  Colossus  
  76  6:47  Probe  
  83  7:01  Probe x2  
  84  7:06  Zealot x3, Stalker  
  93  7:09  Pylon  
  93  7:17  Charge  
  93  7:24  Immortal  
  93  7:25  Pylon  
  93  7:27  Pylon  
  93  7:30  Sentry  
  99  7:39  Stalker  
  99  7:41  Pylon  
  101  7:44  Pylon  
  101  7:50  Stalker  
  103  8:04  Stalker x2  
  107  8:11  Pylon  
  106  8:23  Disruptor  
  106  8:24  Stalker  
  111  8:27  Probe  
  112  8:52  Nexus  
  112  8:55  Stalker x3  
  114  8:59  Warp Prism  
  113  9:10  Probe x2  
  113  9:16  Stalker x3  
  121  9:24  Pylon  
  121  9:25  Disruptor  
  121  9:27  Pylon  
  121  9:31  Forge  
  122  9:43  Protoss Ground Armor Level 1  
  122  9:54  Pylon, Sentry  
  124  10:01  Probe, Disruptor  
  124  10:02  Zealot x2, Stalker  
  124  10:03  Probe  
  135  10:10  Probe  
  135  10:13  Probe  
  137  10:17  Zealot, Sentry  
  137  10:19  Probe  
  142  10:22  Probe  
  142  10:25  Forge  
  142  10:33  Probe x2  
  144  10:36  Pylon  
  144  10:40  Zealot  
  146  10:44  Protoss Ground Weapons Level 2  
  146  10:48  Probe  
  147  10:51  Stalker x3  
  153  11:00  Stalker x2  
  153  11:02  Pylon  
  157  11:23  Stalker x5  
  167  11:28  Stalker  
  173  11:35  Pylon  
  173  11:36  Observer  
  169  11:47  Zealot x5  
  169  11:51  Nexus  
  179  11:56  Pylon  
  178  12:03  Probe  
  178  12:04  Probe  
  167  12:10  Probe  
  167  12:14  Stalker x3  
  172  12:15  Probe  
  171  12:28  Stalker  
  165  12:30  Probe  
  165  12:33  Probe  
  167  12:37  Stalker x3  
  167  12:42  Stalker  
  175  12:48  Stalker  
  177  12:52  Stalker  
  177  12:53  Observer  
  178  13:03  Stalker x3  
  180  13:15  Pylon  
  170  13:23  Protoss Ground Weapons Level 3  
  158  13:29  Nexus  
  158  13:32  Pylon  
  158  13:38  Stalker x3  
  164  13:49  Stalker  
  166  13:57  Stalker x2  
  170  14:13  Stalker x4  
  178  14:17  Stalker x2  
  178  14:19  Probe x2  
  178  14:20  Probe  
  171  14:40  Stalker x2  
  171  14:41  Stalker x3  
  171  14:42  Probe  
  171  14:43  Probe x2  
  171  14:45  Stalker  
  172  15:02  Stalker  
  172  15:03  Zealot x2, Stalker  
  172  15:04  Zealot x2  
  172  15:06  Gateway  
  182  15:07  Gateway  
  182  15:08  Probe  
  182  15:09  Assimilator  
  177  15:26  Nexus  
  145  15:33  Stalker x3  
  145  15:34  Zealot, Stalker  
  145  15:35  Zealot  
  149  15:43  Probe x2  
  149  15:48  Observer  
  149  15:49  Probe  
  139  15:54  Pylon, Probe  
  139  15:55  Probe  
  133  16:00  Stalker  
  133  16:01  Stalker x2  
  133  16:02  Probe  
  133  16:03  Probe  
  141  16:15  Probe  
  142  16:18  Stalker  
  142  16:21  Probe  
  145  16:28  Probe x2  
  147  16:34  Probe  
  147  16:36  Assimilator  
  147  16:37  Assimilator  
  147  16:38  Probe  
  148  16:42  Probe  
  148  16:45  Nexus  
  148  16:46  Probe  
  151  16:57  Stalker  
  151  16:58  Stalker  
Show
View Real Time Build Order
Export as new Build Order

Cure Terran - Winner!

Build Orders: Gas First Reaper Expand, Reaper Expand 

Get SALT Encoding   

  12  0:00  SCV  
  13  0:12  SCV  
  14  0:17  Supply Depot  
  14  0:24  SCV  
  14  0:28  Refinery  
  15  0:39  SCV  
  16  0:44  Barracks  
  16  0:51  SCV  
  17  1:03  SCV  
  18  1:15  SCV  
  19  1:31  Reaper, Orbital Command  
  20  1:50  Command Center  
  20  1:57  SCV  
  20  1:59  Factory  
  21  2:05  Barracks Reactor  
  21  2:09  SCV  
  21  2:12  Supply Depot  
  22  2:18  Refinery  
  22  2:21  SCV  
  23  2:34  SCV  
  24  2:41  Marine  
  24  2:42  Marine  
  26  2:45  Widow Mine  
  26  2:46  SCV  
  26  2:49  Starport  
  29  2:58  SCV  
  29  2:59  Marine  
  29  3:02  Marine  
  29  3:03  Orbital Command  
  32  3:09  Hellion  
  35  3:12  SCV  
  35  3:18  Marine  
  36  3:20  Marine  
  36  3:21  Orbital Command  
  37  3:27  Medivac  
  37  3:28  SCV  
  37  3:33  Factory Tech Lab  
  40  3:37  Supply Depot  
  40  3:40  SCV  
  40  3:41  Marine x2  
  43  3:46  SCV  
  43  3:49  Bunker  
  43  3:54  Siege Tank  
  46  3:59  SCV x2  
  46  4:02  Supply Depot  
  48  4:04  Marine x2  
  50  4:11  Viking  
  50  4:14  SCV  
  50  4:15  SCV  
  54  4:26  Marine x2, SCV  
  54  4:27  SCV  
  58  4:33  Liberator  
  58  4:38  SCV  
  57  4:39  SCV  
  57  4:41  Barracks  
  57  4:43  Barracks  
  58  4:50  SCV  
  62  4:53  Stimpack  
  62  4:56  Supply Depot  
  62  4:57  Factory Tech Lab, Marine, SCV  
  64  5:02  SCV  
  65  5:08  Engineering Bay  
  65  5:09  SCV  
  65  5:13  Refinery  
  66  5:14  Marine, SCV  
  66  5:18  Supply Depot  
  68  5:21  SCV  
  68  5:26  SCV  
  70  5:33  SCV  
  70  5:34  Supply Depot  
  71  5:38  Marauder x2, SCV  
  71  5:39  Starport Reactor, Terran Infantry Weapons Level 1, Marine, Factory Reactor  
  71  5:42  Marine  
  78  5:50  Supply Depot  
  78  5:51  Supply Depot  
  78  5:56  Combat Shield  
  80  5:59  Marauder, Marine  
  80  6:00  Marauder  
  80  6:02  Marine  
  84  6:10  Supply Depot  
  84  6:17  Missile Turret  
  84  6:18  Medivac x2  
  88  6:19  Widow Mine  
  88  6:21  Widow Mine  
  88  6:24  Marauder  
  94  6:28  Marauder  
  94  6:29  Marine x2  
  97  6:45  Supply Depot, Marauder  
  97  6:46  Marine  
  97  6:47  Marine  
  100  6:49  Marauder  
  102  6:57  Medivac x2  
  102  7:00  Command Center  
  102  7:01  Widow Mine  
  107  7:04  Refinery  
  107  7:07  Supply Depot  
  109  7:08  Widow Mine  
  109  7:10  SCV x2  
  109  7:14  Marauder x2  
  115  7:16  Marine  
  116  7:24  SCV x2  
  118  7:35  Marine  
  118  7:36  Marauder x2  
  123  7:39  Terran Infantry Armor Level 1  
  123  7:40  Barracks x2  
  123  7:41  Marine  
  124  7:45  Medivac  
  124  7:46  Medivac  
  127  7:57  Marine, Marauder x2  
  132  7:58  Marine  
  132  8:00  Liberator  
  132  8:02  Liberator  
  132  8:03  SCV x2  
  126  8:18  Orbital Command  
  131  8:24  Missile Turret, SCV  
  131  8:25  SCV  
  133  8:28  Supply Depot  
  133  8:31  Missile Turret  
  133  8:32  Marauder  
  133  8:33  Marauder  
  133  8:34  Marine x2  
  139  8:36  Barracks Tech Lab  
  139  8:37  Barracks Reactor  
  139  8:47  Liberator  
  139  8:51  Liberator  
  139  8:55  Marine x2, Marauder x3  
  145  9:13  Marine  
  145  9:16  Marauder x2  
  145  9:17  Marauder, Marine  
  152  9:18  Marine  
  152  9:23  Marine  
  155  9:29  Supply Depot x3  
  155  9:33  Concussive Shells, Liberator x2  
  161  9:53  Supply Depot  
  161  9:55  Orbital Command  
  161  9:57  Marine x4, Marauder  
  161  9:58  Marauder x2  
  171  10:13  Refinery  
  171  10:15  Marine x4, Sensor Tower  
  171  10:19  Marauder x3  
  181  10:21  SCV x3  
  181  10:26  Refinery  
  181  10:27  Factory Tech Lab, Liberator  
  184  10:29  Starport  
  184  10:33  SCV  
  184  10:35  Supply Depot  
  184  10:37  Fusion Core  
  184  10:39  Liberator  
  190  11:03  Liberator  
  190  11:05  Missile Turret  
  190  11:09  Command Center  
  190  11:11  Armory, Liberator  
  190  11:13  Engineering Bay  
  190  11:23  Advanced Ballistics, Liberator  
  194  11:46  Barracks  
  194  11:47  Barracks  
  197  11:49  Barracks  
  197  11:51  Missile Turret  
  197  11:55  Liberator  
  197  11:56  Liberator  
  197  12:03  Marauder  
  197  12:06  Marauder x2  
  197  12:08  Marine x2  
  195  12:09  Marine x2  
  196  12:16  Terran Infantry Weapons Level 2  
  191  12:24  Terran Infantry Armor Level 2  
  190  12:30  Terran Ship Weapons Level 1  
  190  12:35  Barracks Tech Lab x2  
  190  12:36  Marine x3, Marauder  
  190  12:37  Marauder x2  
  199  12:39  Barracks Reactor  
  199  13:02  Refinery  
  199  13:10  Planetary Fortress  
  199  13:13  Sensor Tower  
  199  13:16  Medivac  
  194  13:24  Medivac x3  
  174  13:28  Refinery  
  174  13:35  Starport  
  174  13:46  Medivac  
  176  13:59  Ghost Academy  
  176  14:00  Orbital Command  
  176  14:02  Medivac x2  
  152  14:22  Marauder  
  152  14:23  Marauder x2, Marine x4  
  152  14:24  Marauder x2  
  166  14:30  SCV x4  
  167  14:41  Starport Reactor  
  167  14:42  SCV x4  
  167  14:44  Marauder  
  173  14:48  Liberator  
  173  14:52  Liberator  
  173  14:54  SCV x3  
  173  14:56  Marine x2  
  173  14:57  Marauder  
  173  14:59  Liberator  
  171  15:01  Liberator  
  171  15:06  SCV  
  172  15:09  Refinery  
  177  15:22  Marauder  
  177  15:27  SCV x3  
  177  15:28  SCV  
  167  15:34  Liberator x2  
  152  16:06  Liberator x2, Command Center  
  152  16:25  Marauder x3  
  164  16:28  SCV x2  
  164  16:29  SCV x2  
  166  16:35  Sensor Tower  
  166  16:38  Missile Turret  
  169  16:51  Marine x4  
  169  16:52  Marine x2  
Tags
 
Add a new tag
Caveats
  • Supply blocks, unpowered buildings, or Contaminate may cause inaccurate times.
  • Supply counts are checked every 10 seconds.